Unix NetHack Version 3.7.0-97 Work-in-progress - last build Jan 20 2024 17:37:35 (157cf090cb53e479d994ec1a4552202481ff9585,branch:master). Game began 2024-01-26 12:03:59, ended 2024-01-26 12:25:41. mmj, chaotic female elven Wizard ---- |.*---------- |.**.'......| |.-----.....| --.| |.....| |..----|0..%.| |..^^^<|.....| |---------.--- |..--->---..| |..0........| |.00`----.0.| |....| |...| ------ ----- Mmj the Thaumaturge St:10 Dx:14 Co:12 In:18 Wi:14 Ch:10 Chaotic Dlvl:5 $:148 HP:0(38) Pw:56(86) AC:9 Xp:6/543 T:3833 Latest messages: The boulder falls apart. There are several objects here. You see here 28 rocks. There are several objects here. With great effort you move the boulder. There are several objects here. You see here 28 rocks. In what direction? k The boulder falls apart. There are several objects here. With great effort you move the boulder. With great effort you move the boulder. There are several objects here. You see here 28 rocks. You try to move the boulder, but in vain. You try to move the boulder, but in vain. You try to move the boulder, but in vain. You see here 56 rocks. The boulder fills a pit. You see here 28 rocks. There are several objects here. You see here a rothe corpse. With great effort you move the boulder. You try to move the boulder, but in vain. With great effort you move the boulder. There are several objects here. You see here 28 rocks. You try to move the boulder, but in vain. You try to move the boulder, but in vain. You see here 56 rocks. With great effort you move the boulder. The boulder fills a pit. You see here 28 rocks. There are several objects here. The rope golem hits! The rope golem hits again! You miss the rope golem. The rope golem hits! The rope golem hits again! The rope golem grabs you! You miss the rope golem. The rope golem hits! The rope golem hits again! You are being choked. You hit the rope golem! The rope golem hits! The rope golem hits again! You are being choked. You die... Do you want your possessions identified? [ynq] (y) q Inventory: Coins $ - 148 gold pieces Weapons u - a +0 orcish dagger (alternate weapon; not wielded) a - a blessed +1 quarterstaff (weapon in hands) Armor b - an uncursed +0 cloak of magic resistance (being worn) D - a blessed +1 cloak of protection Comestibles K - 2 uncursed slime molds J - an uncursed cram ration s - 3 uncursed food rations q - an uncursed fortune cookie Scrolls B - a cursed scroll of amnesia C - an uncursed scroll of blank paper E - an uncursed scroll of create monster x - an uncursed scroll of food detection H - an uncursed scroll of identify o - an uncursed scroll of punishment i - an uncursed scroll of remove curse h - an uncursed scroll of scare monster j - an uncursed scroll of teleportation Spellbooks l - an uncursed spellbook of detect monsters k - a blessed spellbook of force bolt z - an uncursed spellbook of healing Potions f - an uncursed potion of booze A - a cursed potion of speed g - 2 uncursed potions of water Rings F - a cursed -1 ring of adornment d - an uncursed ring of searching e - an uncursed ring of slow digestion (on right hand) Wands c - a wand of cancellation (0:4) I - a wand of create monster (0:12) w - a wand of make invisible (0:4) G - a blessed wand of striking (0:4) Tools n - an uncursed wooden flute m - a magic marker (0:22) t - a +0 pick-axe Mmj the Wizard's attributes: Background: You were a Thaumaturge, a level 6 female elven Wizard. You were chaotic, on a mission for Anhur who was opposed by Ptah (lawful) and Thoth (neutral). You were right-handed. You were in Sokoban, on level 5. You entered the dungeon 3833 turns ago. There was a full moon in effect when your adventure ended. You had 543 experience points, 97 more were needed to attain level 7. Basics: You had 0 out of 38 hit points. You had 56 out of 86 energy points (spell power). Your armor class was 9. Your wallet contained 148 zorkmids. Autopickup was on for '$' plus thrown. Final Characteristics: Your strength was 10 (limit:18). Your dexterity was 14 (limit:18). Your constitution was 12 (limit:16). Your intelligence was 18 (limit:20). Your wisdom was 14 (peak:15, limit:20). Your charisma was 10 (limit:18). Final Status: You were held by a rope golem (west). You weren't hungry. You were unencumbered. You were wielding a quarterstaff. You had basic skill with quarterstaff. Final Attributes: You were piously aligned. You were magic-protected. You were cold resistant. You were sleep resistant. You had infravision. You were invisible. You had slower digestion. You were warded. You were unlucky. You are dead. Miscellaneous: You never encountered a bones level. Total elapsed playing time was 21 minutes and 41 seconds. Major events: Turn 1: mmj the chaotic female elven Wizard entered the dungeon 1235: entered the Gnomish Mines 1236: attained the rank of Conjurer (level 3) 3186: attained the rank of Thaumaturge (level 6) 3599: entered Sokoban 3833: killed by a rope golem Vanquished creatures: a dwarf mummy a blue jelly a dust vortex a water nymph 5 Mordor orcs a pony a violet fungus 2 gnome leaders a gnomish wizard a red naga hatchling a gray ooze 2 straw golems a paper golem a dwarf 3 rothes a rabid rat 2 giant bats an orc zombie 3 iguanas a killer bee a coyote a hobbit a large kobold a hobgoblin 3 giant rats a brown mold 2 gnomes 2 garter snakes a gnome zombie a gecko 3 jackals 4 foxes a kobold 2 goblins 3 sewer rats 8 grid bugs 2 lichens 4 kobold zombies 4 newts 76 creatures vanquished. No species were genocided or became extinct. Voluntary challenges: You read items or engraved 5 times. You engraved Elbereth 2 times. You never genocided any monsters. You never polymorphed an object. You never changed form. You used no wishes. You violated the special Sokoban rules thrice. Achievements: You entered the Gnomish Mines. You attained the rank of Conjurer. You attained the rank of Thaumaturge. You entered a shop. You entered Sokoban. The Dungeons of Doom: levels 1 to 6 Level 1: A fountain. Level 2: Level 3: A fountain. Stairs down to The Gnomish Mines. Level 4: Some fountains. Level 5: Many fountains. Level 6: A grave. Stairs up to Sokoban, level 5. The Gnomish Mines: Level 4: Sokoban: Level 5: <- You were here. Unsolved. Final resting place for you, killed by a rope golem. Game over: ---------- / \ / REST \ / IN \ / PEACE \ / \ | mmj | | 148 Au | | killed by a rope | | golem | | | | | | 2024 | *| * * * | * _________)/\\_//(\/(/\)/\//\/|_)_______ Goodbye mmj the Wizard... You died in Sokoban on dungeon level 5 with 2338 points, and 148 pieces of gold, after 3833 moves. You were level 6 with a maximum of 38 hit points when you died.